[ AOE2 MATCH · #504989385 ]
UnrankedMapuche vs Muisca
Player's team · LOSS
Rival team · WIN
[ REPLAY ANALYSIS · EXTRACTED FROM THE RECORDED GAME ]
Feudal
8:52
Castle
20:57
Imperial
43:11
| APM avg | 95.4 |
| APM peak | 134 |
| eAPM avg | 39.7 |
| Villagers / military | 113 / 99 |
Focus
⚔️ 32.0% · 🌾 68.0%
Kona ×35 · Skirmisher ×27 · Bolas Rider ×27 · Battering Ram ×4 · Trebuchet (Packed) ×3 · Mangonel ×2
Feudal
8:52
Castle
22:20
Imperial
44:47
| APM avg | 53.0 |
| APM peak | 97 |
| eAPM avg | 30.9 |
| Villagers / military | 149 / 26 |
Focus
⚔️ 40.0% · 🌾 60.0%
Unknown (2550) ×91 · Unknown (2562) ×22 · Monk ×13 · Battering Ram ×9 · Mangonel ×4
Match map
Initial resources + every placement click. Lines = walls · curves = elevation contours. ◆ gold · ⬟ stone · ● berries · ✦ relic · ◌ wall gap
Your base· ✓ Closed at 20:57 · 69t walls · fragile
TAG_MbL_'s base· ✓ Closed at 22:20 · 0t walls · fragile
Smoothed initial terrain · ◌ = detected wall gap · hover for details
Inputs per minute
— Lamo - - TAG_MbL_
Build order — Lamo
First 150 of 352 actions detected
| 0:00 | Create | Villager (Male) |
| 0:00 | Create | Villager (Male) |
| 0:01 | Create | Villager (Male) |
| 0:01 | Build | House |
| 0:02 | Build | House |
| 0:27 | Create | Villager (Male) |
| 1:25 | Create | Villager (Male) |
| 1:25 | Create | Villager (Male) |
| 1:44 | Build | Settlement |
| 1:52 | Create | Villager (Male) |
| 2:15 | Create | Villager (Male) |
| 2:46 | Create | Villager (Male) |
| 2:47 | Create | Villager (Male) |
| 3:08 | Create | Villager (Male) |
| 3:34 | Create | Villager (Male) |
| 3:34 | Create | Villager (Male) |
| 4:22 | Create | Villager (Male) |
| 4:22 | Create | Villager (Male) |
| 4:22 | Create | Villager (Male) |
| 4:49 | Build | Settlement |
| 4:59 | Create | Villager (Male) |
| 5:26 | Research | Loom |
| 6:42 | Research | Feudal Age |
| 6:42 | Research | Feudal Age |
| 7:00 | Build | Settlement |
| 7:46 | Create | Villager (Male) |
| 8:52 | Age | Feudal Age |
| 8:53 | Create | Skirmisher ×5 |
| 9:04 | Research | Double-Bit Axe |
| 9:05 | Research | Horse Collar |
| 9:07 | Create | Villager (Male) |
| 9:13 | Create | Skirmisher ×2 |
| 9:26 | Create | Skirmisher |
| 9:27 | Create | Skirmisher |
| 9:30 | Build | Farm |
| 9:31 | Build | Farm |
| 9:32 | Create | Villager (Male) |
| 9:38 | Create | Skirmisher |
| 9:38 | Create | Skirmisher |
| 9:46 | Create | Skirmisher |
| 9:53 | Create | Skirmisher |
| 9:55 | Create | Villager (Male) |
| 10:09 | Create | Skirmisher |
| 10:09 | Create | Skirmisher |
| 10:12 | Build | House |
| 10:12 | Build | House |
| 10:21 | Create | Skirmisher |
| 10:38 | Create | Villager (Male) |
| 10:52 | Create | Villager (Male) |
| 10:56 | Build | Farm |
| 10:58 | Build | Farm |
| 11:10 | Build | House |
| 11:14 | Create | Skirmisher |
| 11:14 | Create | Skirmisher |
| 11:22 | Create | Villager (Male) |
| 11:24 | Build | Farm |
| 11:24 | Build | Farm |
| 11:32 | Build | Palisade Wall |
| 11:42 | Create | Skirmisher |
| 11:46 | Create | Villager (Male) |
| 11:48 | Build | Farm |
| 11:55 | Create | Spearman |
| 12:11 | Create | Skirmisher |
| 12:11 | Create | Villager (Male) |
| 12:16 | Build | Palisade Wall |
| 12:24 | Build | Palisade Gate |
| 12:40 | Build | Palisade Wall |
| 12:57 | Build | Palisade Wall |
| 13:00 | Create | Villager (Male) |
| 13:04 | Create | Skirmisher |
| 13:04 | Create | Skirmisher |
| 13:06 | Create | Villager (Male) |
| 13:08 | Build | Palisade Wall |
| 13:14 | Build | Farm |
| 13:14 | Build | Farm |
| 13:34 | Create | Villager (Male) |
| 13:39 | Build | Farm |
| 13:50 | Create | Skirmisher ×5 |
| 14:03 | Create | Villager (Male) |
| 14:07 | Build | House |
| 14:14 | Create | Villager (Male) |
| 14:19 | Build | Palisade Wall |
| 14:52 | Create | Villager (Male) |
| 14:59 | Build | Settlement |
| 15:13 | Create | Villager (Male) |
| 15:31 | Build | House |
| 15:32 | Build | Palisade Wall |
| 15:36 | Build | Palisade Wall |
| 15:43 | Create | Villager (Male) |
| 15:58 | Build | Palisade Wall |
| 16:05 | Build | Market |
| 16:08 | Create | Villager (Male) |
| 16:17 | Build | Palisade Wall |
| 16:21 | Create | Villager (Male) |
| 16:27 | Build | Palisade Wall |
| 16:28 | Build | House |
| 16:29 | Build | Palisade Wall |
| 16:34 | Build | Palisade Wall |
| 16:53 | Build | Palisade Wall |
| 17:43 | Create | Villager (Male) |
| 17:43 | Build | Blacksmith |
| 18:07 | Build | Watch Tower |
| 18:17 | Research | Castle Age |
| 18:24 | Build | House |
| 18:26 | Build | House |
| 18:45 | Build | Palisade Wall |
| 18:54 | Create | Villager (Male) |
| 18:57 | Build | Palisade Wall |
| 18:59 | Build | Palisade Wall |
| 19:04 | Build | Palisade Wall |
| 19:05 | Build | Palisade Wall |
| 19:44 | Create | Villager (Male) |
| 19:44 | Create | Villager (Male) |
| 19:54 | Research | Gold Mining |
| 20:00 | Research | Stone Mining |
| 20:34 | Build | Farm |
| 20:35 | Build | Farm |
| 20:35 | Build | Farm |
| 20:52 | Build | House |
| 20:57 | Age | Castle Age |
| 21:01 | Create | Villager (Male) |
| 21:07 | Build | Siege Workshop |
| 21:15 | Build | House |
| 21:43 | Create | Villager (Male) |
| 22:10 | Build | Castle |
| 22:11 | Research | Fletching |
| 22:16 | Build | Farm |
| 22:53 | Create | Villager (Male) |
| 22:54 | Create | Battering Ram |
| 22:59 | Build | Farm |
| 23:12 | Create | Villager (Male) |
| 23:28 | Create | Kona |
| 23:45 | Create | Villager (Male) |
| 23:59 | Create | Kona |
| 24:04 | Create | Kona |
| 24:28 | Create | Kona |
| 24:28 | Create | Kona |
| 24:30 | Create | Villager (Male) |
| 24:30 | Create | Villager (Male) |
| 24:53 | Create | Kona |
| 24:56 | Build | Barracks |
| 25:13 | Create | Villager (Male) |
| 25:31 | Build | House |
| 25:32 | Build | House |
| 25:33 | Create | Villager (Male) |
| 25:33 | Create | Villager (Male) |
| 26:08 | Build | Settlement |
| 26:12 | Create | Villager (Male) |
| 26:15 | Build | Archery Range |
| 26:19 | Create | Kona |
Build order — TAG_MbL_
First 150 of 500 actions detected
| 0:00 | Create | Villager (Male) ×4 |
| 0:01 | Build | House |
| 0:02 | Build | House |
| 1:12 | Create | Villager (Male) |
| 1:45 | Build | Settlement |
| 1:49 | Create | Villager (Male) |
| 2:05 | Create | Villager (Male) |
| 2:31 | Create | Villager (Male) |
| 3:08 | Create | Villager (Male) |
| 3:23 | Create | Villager (Male) |
| 3:38 | Create | Villager (Male) |
| 3:55 | Create | Villager (Male) |
| 4:26 | Create | Villager (Male) |
| 4:42 | Create | Villager (Male) |
| 4:57 | Create | Villager (Male) |
| 4:57 | Create | Villager (Male) |
| 5:08 | Build | Barracks |
| 6:03 | Research | Loom |
| 6:32 | Build | Settlement |
| 6:42 | Research | Feudal Age |
| 7:09 | Create | Unit 2550 |
| 7:22 | Create | Villager (Male) |
| 7:40 | Create | Unit 2550 |
| 8:07 | Create | Unit 2550 |
| 8:16 | Build | Settlement |
| 8:52 | Age | Feudal Age |
| 8:54 | Research | Tech 1402 |
| 8:54 | Research | Tech 1402 |
| 8:55 | Research | Double-Bit Axe |
| 8:55 | Research | Double-Bit Axe |
| 8:57 | Create | Villager (Male) |
| 8:58 | Create | Villager (Male) |
| 9:22 | Build | House |
| 9:36 | Create | Villager (Male) |
| 9:39 | Build | House |
| 9:43 | Build | Farm |
| 9:46 | Create | Unit 2550 |
| 9:57 | Create | Unit 2550 |
| 10:08 | Build | Farm |
| 10:12 | Create | Villager (Male) |
| 10:14 | Build | Farm |
| 10:42 | Build | Settlement |
| 10:44 | Create | Villager (Male) |
| 10:46 | Build | Farm |
| 10:49 | Build | Farm |
| 11:00 | Create | Unit 2550 |
| 11:01 | Create | Villager (Male) |
| 11:02 | Build | Farm |
| 11:17 | Build | Settlement |
| 11:29 | Create | Unit 2550 |
| 11:38 | Create | Villager (Male) |
| 11:45 | Build | Farm |
| 11:54 | Build | Farm |
| 12:00 | Create | Unit 2550 |
| 12:06 | Build | Farm |
| 12:07 | Create | Villager (Male) |
| 13:02 | Create | Villager (Male) |
| 13:02 | Create | Villager (Male) |
| 13:03 | Create | Unit 2550 |
| 13:15 | Create | Unit 2550 |
| 13:15 | Create | Unit 2550 |
| 13:18 | Build | Farm |
| 13:20 | Build | Farm |
| 13:25 | Create | Villager (Male) |
| 13:28 | Build | Blacksmith |
| 13:38 | Create | Villager (Male) |
| 13:51 | Build | Barracks |
| 13:53 | Create | Unit 2550 |
| 14:12 | Create | Unit 2550 |
| 14:13 | Create | Unit 2550 |
| 14:18 | Research | Scale Mail Armor |
| 14:39 | Create | Villager (Male) |
| 14:41 | Build | Farm |
| 14:43 | Create | Villager (Male) |
| 15:06 | Create | Unit 2550 |
| 15:06 | Create | Unit 2550 |
| 15:06 | Create | Unit 2550 |
| 15:17 | Build | Market |
| 15:21 | Create | Villager (Male) |
| 15:24 | Build | House |
| 15:28 | Create | Unit 2550 |
| 15:44 | Create | Villager (Male) |
| 15:59 | Research | Forging |
| 16:06 | Build | Settlement |
| 16:10 | Create | Villager (Male) |
| 16:18 | Build | House |
| 16:33 | Build | House |
| 16:45 | Create | Villager (Male) |
| 16:51 | Create | Villager (Male) |
| 17:08 | Build | Outpost |
| 17:12 | Build | Watch Tower |
| 17:29 | Create | Villager (Male) |
| 17:44 | Build | Settlement |
| 18:06 | Create | Villager (Male) |
| 18:45 | Create | Villager (Male) |
| 18:45 | Create | Villager (Male) |
| 18:58 | Build | Watch Tower |
| 19:34 | Build | Watch Tower |
| 19:40 | Research | Castle Age |
| 19:48 | Build | Farm |
| 19:48 | Build | Farm |
| 19:49 | Build | Farm |
| 20:05 | Create | Unit 2550 |
| 20:05 | Create | Unit 2550 |
| 20:24 | Create | Unit 2550 |
| 20:24 | Create | Unit 2550 |
| 20:37 | Create | Unit 2550 |
| 20:39 | Build | Watch Tower |
| 20:49 | Build | Farm |
| 20:50 | Build | Farm |
| 21:03 | Build | Settlement |
| 21:15 | Research | Horse Collar |
| 21:16 | Build | Farm |
| 21:18 | Build | Farm |
| 21:21 | Create | Villager (Male) |
| 21:35 | Build | Watch Tower |
| 21:55 | Create | Villager (Male) |
| 22:20 | Age | Castle Age |
| 22:21 | Create | Villager (Male) |
| 22:34 | Build | Watch Tower |
| 22:36 | Research | Fletching |
| 22:38 | Build | University |
| 22:51 | Create | Villager (Male) |
| 22:53 | Build | Monastery |
| 22:56 | Create | Villager (Male) |
| 23:00 | Build | House |
| 23:11 | Build | Monastery |
| 23:28 | Research | Guard Tower (upgrade) |
| 23:31 | Build | Watch Tower |
| 23:38 | Create | Unit 2550 |
| 23:38 | Create | Unit 2550 |
| 23:44 | Build | Palisade Wall |
| 23:45 | Build | Palisade Wall |
| 23:46 | Build | Palisade Wall |
| 23:47 | Build | Palisade Wall |
| 23:48 | Build | Palisade Wall |
| 23:49 | Create | Villager (Male) |
| 24:00 | Create | Villager (Male) |
| 24:03 | Create | Monk |
| 24:07 | Create | Monk |
| 24:20 | Build | Settlement |
| 24:27 | Create | Villager (Male) |
| 24:28 | Build | Farm |
| 24:30 | Research | Town Watch |
| 24:37 | Build | Palisade Wall |
| 24:38 | Build | Palisade Wall |
| 24:38 | Build | Palisade Wall |
| 24:39 | Build | Palisade Wall |
| 24:39 | Build | Palisade Wall |
| 24:40 | Build | Palisade Wall |
Match timeline
| 5:08 | TAG_MbL_ · first_building Barracks |
| 8:52 | Lamo · age_up feudal |
| 8:52 | TAG_MbL_ · age_up feudal |
| 11:32 | Lamo · wall_segment Palisade Wall x12 |
| 12:16 | Lamo · wall_segment Palisade Wall x5 |
| 12:40 | Lamo · wall_segment Palisade Wall x2 |
| 12:57 | Lamo · wall_segment Palisade Wall x1 |
| 13:08 | Lamo · wall_segment Palisade Wall x1 |
| 14:19 | Lamo · wall_segment Palisade Wall x5 |
| 15:32 | Lamo · wall_segment Palisade Wall x6 |
| 15:36 | Lamo · wall_segment Palisade Wall x4 |
| 15:58 | Lamo · wall_segment Palisade Wall x2 |
| 16:17 | Lamo · wall_segment Palisade Wall x5 |
| 16:26 | TAG_MbL_ · first_market_sell 500 stone |
| 16:26 | TAG_MbL_ · first_market_buy 500 food |
| 16:27 | Lamo · wall_segment Palisade Wall x6 |
| 16:29 | Lamo · wall_segment Palisade Wall x6 |
| 16:34 | Lamo · wall_segment Palisade Wall x2 |
| 16:53 | Lamo · wall_segment Palisade Wall x4 |
| 17:38 | Lamo · first_market_buy 100 food |
| 18:45 | Lamo · wall_segment Palisade Wall x1 |
| 18:57 | Lamo · wall_segment Palisade Wall x6 |
| 18:59 | Lamo · wall_segment Palisade Wall x1 |
| 19:04 | Lamo · wall_segment Palisade Wall x1 |
| 19:05 | Lamo · wall_segment Palisade Wall x1 |
| 20:57 | Lamo · age_up castle |
| 21:07 | Lamo · first_building Siege Workshop |
| 21:59 | Lamo · first_market_sell 100 food |
| 22:10 | Lamo · first_building Castle |
| 22:20 | TAG_MbL_ · age_up castle |
| 22:53 | TAG_MbL_ · first_building Monastery |
| 23:44 | TAG_MbL_ · wall_segment Palisade Wall x1 |
| 23:45 | TAG_MbL_ · wall_segment Palisade Wall x1 |
| 23:46 | TAG_MbL_ · wall_segment Palisade Wall x1 |
| 23:47 | TAG_MbL_ · wall_segment Palisade Wall x1 |
| 23:48 | TAG_MbL_ · wall_segment Palisade Wall x1 |
| 24:37 | TAG_MbL_ · wall_segment Palisade Wall x1 |
| 24:38 | TAG_MbL_ · wall_segment Palisade Wall x1 |
| 24:38 | TAG_MbL_ · wall_segment Palisade Wall x1 |
| 24:39 | TAG_MbL_ · wall_segment Palisade Wall x1 |
| 24:39 | TAG_MbL_ · wall_segment Palisade Wall x1 |
| 24:40 | TAG_MbL_ · wall_segment Palisade Wall x1 |
| 24:40 | TAG_MbL_ · wall_segment Palisade Wall x1 |
| 24:56 | Lamo · first_building Barracks |
| 26:15 | Lamo · first_building Archery Range |
| 26:58 | TAG_MbL_ · wall_segment Palisade Wall x1 |
| 26:59 | TAG_MbL_ · wall_segment Palisade Wall x1 |
| 27:00 | TAG_MbL_ · wall_segment Palisade Wall x1 |
| 27:00 | TAG_MbL_ · wall_segment Palisade Wall x1 |
| 27:02 | TAG_MbL_ · wall_segment Palisade Wall x1 |
| 27:04 | TAG_MbL_ · wall_segment Palisade Wall x1 |
| 27:05 | TAG_MbL_ · wall_segment Palisade Wall x1 |
| 27:06 | TAG_MbL_ · wall_segment Palisade Wall x1 |
| 27:08 | TAG_MbL_ · wall_segment Palisade Wall x1 |
| 28:17 | TAG_MbL_ · wall_segment Palisade Wall x1 |
| 29:03 | TAG_MbL_ · first_building Siege Workshop |
| 32:49 | TAG_MbL_ · first_building Castle |
| 37:32 | TAG_MbL_ · wall_segment Palisade Wall x1 |
| 43:11 | Lamo · age_up imperial |
| 44:47 | TAG_MbL_ · age_up imperial |
| 47:06 | Lamo · resign |
[ AI ANALYSIS · 1 CREDIT ]
What really happened in this match?
Wolo.gg analyzes every decision: build order, eco, micro, common mistakes by bracket. Personalized analysis on WhatsApp or Discord in 30 seconds.
Civ guide
Mapuche
Perfil
Lamo